 Dungeon Crawl Stone Soup version 0.30.0-5-g1a98f26d00 (webtiles) character file.

Game seed: 15293142180541332120

1691 IEatYoBabies the Stinger (level 9, -1/58 HPs)
             Began as an Octopode Venom Mage on May 7, 2023.
             Was a Priest of Okawaru.
             Slain by an ice beast (18 damage)
             ... on level 6 of the Dungeon on May 9, 2023.
             The game lasted 00:39:41 (6023 turns).

IEatYoBabies the Stinger (Octopode Venom Mage)      Turns: 6023, Time: 00:39:42

Health: -1/58      AC:  1    Str: 20    XL:     9   Next: 2%
Magic:  17/17      EV: 14    Int: 21    God:    Okawaru [***...]
Gold:   234        SH:  0    Dex: 12    Spells: 4/18 levels left

rFire   + . .        f - +0 war axe (spect)
rCold   x . .        (no shield)
rNeg    . . .        (helmet restricted)
rPois   .            p - amulet of magic regeneration
rElec   .            y - ring of fire
rCorr   .            x - +6 ring of strength
SInv    .            w - +6 ring of strength
Will    .....        (no ring)
Stlth   +++          (no ring)
HPRegen 0.29/turn    (no ring)
MPRegen 0.55/turn    (no ring)
                     (no ring)

%: no passive effects
@: no status effects
A: almost no armour, amphibious, 8 rings, camouflage 1, gelatinous body 1,
(nimble swimmer 1), tentacles
a: Renounce Religion, Heroism


You were on level 6 of the Dungeon.
You worshipped Okawaru.
Okawaru was most pleased with you.
You visited 1 branch of the dungeon, and saw 6 of its levels.
You also visited: Sewer.

You collected 270 gold pieces.
You spent 36 gold pieces at shops.

Inventory:

Hand Weapons
 f - a +0 spectral war axe (weapon)
 S - a +3 spear
Missiles
 c - 25 poisoned darts
 h - 4 curare-tipped darts
 t - 2 silver javelins
 B - 27 stones
 G - 6 boomerangs (quivered)
 R - a throwing net
Magical Staves
 A - a staff of air
Jewellery
 k - an amulet of faith
 p - an amulet of magic regeneration (around mantle)
 w - a +6 ring of strength (on tentacle)
 x - a +6 ring of strength (right tentacle)
 y - a ring of fire (left tentacle)
Wands
 J - a wand of flame (9)
 P - a wand of digging (1)
Scrolls
 j - a scroll of summoning {unknown}
 n - 2 scrolls of blinking
 o - a scroll of poison
 q - 2 scrolls of fog
 v - 3 scrolls of teleportation
 C - a scroll of fear
 D - a scroll of amnesia {unknown}
 E - a scroll of noise {unknown}
 N - a scroll of enchant weapon {unknown}
Potions
 a - a potion of magic
 b - a potion of flight {unknown}
 d - 6 potions of might
 i - a potion of lignification {unknown}
 r - 2 potions of ambrosia {unknown}
 s - 2 potions of curing
 u - 4 potions of heal wounds
 F - a potion of resistance {unknown}
 H - 4 potions of berserk rage
 K - a potion of haste {unknown}
 L - a potion of invisibility {unknown}
 M - a potion of cancellation {unknown}
 O - a potion of degeneration {unknown}
 Q - a potion of brilliance {unknown}


   Skills:
 * Level 4.2 Fighting
 + Level 1.4 Axes
 + Level 1.3 Throwing
 * Level 3.7 Dodging
 + Level 3.5 Stealth
 * Level 5.4 Spellcasting
 + Level 0.1 Conjurations
 * Level 0.8 Translocations
 + Level 2.1 Transmutations
 - Level 4.0 Air Magic
 - Level 7.0 Poison Magic
 * Level 1.1 Invocations
 + Level 0.4 Evocations


You had 4 spell levels left.
You knew the following spells:

 Your Spells              Type           Power      Damage    Failure   Level
a - Sting                 Tmut/Pois      100%       1d8       1%          1
b - Poisonous Vapours     Pois/Air       58%        N/A       1%          2
c - Mephitic Cloud        Conj/Pois/Air  21%        N/A       7%          3
d - Olgreb's Toxic Radia  Pois           35%        N/A       5%          4
e - Manifold Assault      Tloc           9%         N/A       58%         4

Your spell library contained the following spells:

 Spells                   Type           Power      Damage    Failure   Level
 Volatile Blastmotes      Fire/Tloc      22%        2d11      26%         3
 Frozen Ramparts          Ice            10%        1d2       30%         3
 Inner Flame              Hex/Fire       8%         N/A       30%         3
 Ice Form                 Ice/Tmut       10%        N/A       54%         4
 Iskenderun's Mystic Bla  Conj/Tloc      7%         2d4       63%         4
 Fulminant Prism          Conj/Hex       3%         3d5       69%         4
 Yara's Violent Unravell  Hex/Tmut       5%         3d4       88%         5
 Lee's Rapid Deconstruct  Erth           2%         3d5*      96%         5
 Dispersal                Tloc           4%         N/A       100%        6
 Enfeeble                 Hex            2%         N/A       100%        7
 Disjunction              Tloc           4%         N/A       100%        8
 Summon Ice Beast         Ice/Summ       Unusable   N/A       N/A         4

Dungeon Overview and Level Annotations

Branches:
Dungeon (6/15)             Temple (0/1) D:6           Sewer (visited)

Altars:
Ashenzari
Fedhas
Gozag
Kikubaaqudgha
Okawaru
Uskayaw
Wu Jian
Zin
The Shining One

Shops:
D:4 [   D:6 !


Innate Abilities, Weirdness & Mutations

You cannot wear most types of armour.
You are amphibious.
You can wear up to eight rings at the same time.
Your skin changes colour to match your surroundings (Stealth+).
Your rubbery body absorbs attacks. (AC +1, EV +1)
((You are camouflaged when in or above water. (Stealth+)))
You have tentacles for arms and can constrict up to eight enemies at once.


Message History

Casting: Poisonous Vapours (safe; 1% risk of failure)
Confirm with . or Enter, or press ? or * to list all spells.
Okay, then.
Unknown command.
Throw: 6 boomerangs
Press: ? - help, Q - select action, (/) - cycle Shift-Dir - straight line, f - ice beast
Aim: an ice beast (59% to hit)
You throw a boomerang.
The boomerang barely misses the ice beast.
Unknown command.
You hit the ice beast but do no damage. You squeeze the ice beast.
The ice beast is lightly wounded.
The ice beast hits you. The ice beast freezes you!
You feel a terrible chill! The ice beast misses you.
You closely miss the ice beast.
The ice beast is lightly wounded.
The ice beast closely misses you.
You barely miss the ice beast. Your squeeze misses the ice beast.
The ice beast is lightly wounded.
The ice beast hits you. The ice beast freezes you!
You feel a terrible chill!
You hit the ice beast.
The ice beast is moderately wounded.
The ice beast barely misses you. The ice beast closely misses you.
You closely miss the ice beast. Your squeeze misses the ice beast.
The ice beast is moderately wounded.
The ice beast misses you.
You barely miss the ice beast.
The ice beast is moderately wounded.
The ice beast hits you. The ice beast freezes you!
You feel a terrible chill!
* * * LOW HITPOINT WARNING * * *
The ice beast barely misses you.
You barely miss the ice beast.
The ice beast is lightly wounded.
The ice beast barely misses you.
You closely miss the ice beast.
The ice beast is lightly wounded.
The ice beast hits you.
* * * LOW HITPOINT WARNING * * *
The ice beast freezes you!!
You feel a terrible chill!
You die...

### ..# # #.# #.####..
o#......## ###### .........
......
###.....###################
.........Y@................
..#.....###################
#.....# #.....# #######


You could see an ice beast.

Vanquished Creatures
  Grinder (Sewer)
  Edmund (D:6)
  A water moccasin (D:6)
  A black bear (D:6)
  An ogre (D:5)
  Blork the orc (D:4)
  2 kobold brigands (Sewer)
  3 scorpions
  A howler monkey (D:6)
  A quasit (Sewer)
  2 hounds
  A jelly (D:5)
  2 gnoll boudas (D:5)
  4 iguanas
  3 orc wizards (D:4)
  11 gnolls
  2 river rats (D:4)
  3 adders
  2 shadow imps (Sewer)
  A white imp (D:4)
  4 ufetubi (Sewer)
  5 worms
  2 dart slugs
  9 orcs
  9 endoplasms
  3 giant cockroaches
  6 goblins
  7 hobgoblins
  4 jackals (D:4)
  3 quokkas
  8 ball pythons
  4 bats
  3 frilled lizards
  22 kobolds
  4 rats
137 creatures vanquished.

Vanquished Creatures (others)
  A human (D:5)
1 creature vanquished.

Grand Total: 138 creatures vanquished

Notes
Turn   | Place    | Note
-------+----------+-------------------------------------------
     0 | D:1      | IEatYoBabies the Octopode Venom Mage began the quest for
                  | the Orb.
     0 | D:1      | Reached XP level 1. HP: 11/11 MP: 3/3
   322 | D:1      | Reached XP level 2. HP: 17/17 MP: 3/5
   434 | D:1      | Reached skill level 4 in Poison Magic
   441 | D:1      | Learned a level 2 spell: Poisonous Vapours
   861 | D:1      | Reached XP level 3. HP: 21/21 MP: 2/6
  1387 | D:2      | Learned a level 3 spell: Mephitic Cloud
  2002 | D:3      | Found a blossoming altar of Fedhas.
  2091 | D:3      | Reached XP level 4. HP: 11/27 MP: 6/8
  2195 | D:3      | Reached skill level 1 in Air Magic
  2293 | D:3      | Reached skill level 1 in Fighting
  2789 | D:3      | Found an ornate altar of the Wu Jian Council.
  3096 | D:4      | Found an iron altar of Okawaru.
  3103 | D:4      | Became a worshipper of Warmaster Okawaru
  3114 | D:4      | Noticed a scorpion
  3156 | D:4      | Found Qonaegru's Antique Armour Shoppe.
  3217 | D:4      | Found a broken altar of Ashenzari.
  3220 | D:4      | Found a glowing drain.
  3220 | D:4      | Noticed Blork the orc
  3241 | D:4      | Reached XP level 5. HP: 33/33 MP: 7/9
  3259 | D:4      | Killed Blork the orc
  3268 | Sewer    | Entered a sewer
  3412 | Sewer    | Learned a level 4 spell: Olgreb's Toxic Radiance
  3439 | Sewer    | Reached XP level 6. HP: 38/39 MP: 10/10
  3465 | Sewer    | Noticed Grinder
  3483 | Sewer    | Paralysed by Grinder for 2 turns
  3486 | Sewer    | Reached skill level 5 in Poison Magic
  3486 | Sewer    | Killed Grinder
  3486 | Sewer    | Reached * piety under Okawaru
  3487 | Sewer    | Reached skill level 1 in Throwing
  3487 | Sewer    | Reached XP level 7. HP: 45/45 MP: 12/12
  3557 | Sewer    | Found a burning altar of Makhleb.
  3939 | D:4      | Upgraded the game from 0.30.0-3-ga4e48a9924 to
                  | 0.30.0-5-g1a98f26d00
  4238 | D:4      | Reached ** piety under Okawaru
  4492 | D:4      | Reached XP level 8. HP: 52/52 MP: 10/14
  4548 | D:4      | Found a glowing golden altar of the Shining One.
  4640 | D:5      | Entered Level 5 of the Dungeon
  4706 | D:5      | Found a glowing silver altar of Zin.
  4751 | D:5      | Reached skill level 1 in Axes
  4837 | D:5      | Found an opulent altar of Gozag.
  4867 | D:5      | Found an ancient bone altar of Kikubaaqudgha.
  5026 | D:5      | Found a hide-covered altar of Uskayaw.
  5047 | D:5      | Reached skill level 6 in Poison Magic
  5665 | D:6      | Found Neapt's Distillery.
  5676 | D:6      | Reached skill level 5 in Spellcasting
  5676 | D:6      | Reached skill level 7 in Poison Magic
  5756 | D:6      | Learned a level 4 spell: Manifold Assault
  5760 | D:6      | Bought a potion of curing for 36 gold pieces
  5842 | D:6      | Found a staircase to the Ecumenical Temple.
  5920 | D:6      | Noticed Edmund
  5947 | D:6      | Killed Edmund
  5947 | D:6      | Reached *** piety under Okawaru
  5948 | D:6      | Reached skill level 1 in Invocations
  5948 | D:6      | Reached XP level 9. HP: 58/58 MP: 13/17
  6023 | D:6      | Slain by an ice beast

Illustrated notes

Levels and vault maps discovered:
D:1:      shiori_arrival_oz, layout_loops_cross, reono_crystal_passage
D:2:      layout_basic
D:3:      layout_basic, mainiacjoe_overflow_catwalk, lemuel_round_altar,
          nrook_loot_triangle, chequers_mini_garden
D:4:      nicolae_cairo_tiling_large, layout_basic,
          hellmonk_okawaru_the_only_friend_you_need,
          ashenzari_conservatory_becter, mainiacjoe_overflow_brackets,
          portal_sewer_entry_a, serial_shops, nicolae_shop_crystal,
          uniq_blork_the_orc
D:5:      layout_rooms, pdpol_temple_overflow_zin_treasury_gozag_greed,
          tgw_kikubaaqudgha, mainiacjoe_overflow_concentric_impassable,
          kennysheep_windowed_goal
D:6:      layout_basic, minmay_temple_entry_offerings, serial_shops, shop,
          uniq_edmund, uniq_grinder

Skill      XL: |  1  2  3  4  5  6  7  8 |
---------------+-------------------------+-----
Stealth        | 3 |  3.5
Poison Magic   | 4 5 7 |  7.0
Air Magic      | 1 2 3 4 |  4.0
Fighting       | 1 2 3 4 |  4.2
Spellcasting   | 3 4 5 |  5.4
Throwing       | 1 |  1.3
Dodging        | 3 |  3.7
Transmutations | 2 |  2.1
Axes           | 1 |  1.4
Invocations    | 1 |  1.1
Conjurations   | |  0.1
Translocations | |  0.8
Evocations     | |  0.4

Action                     |  1- 3 |  4- 6 |  7- 9 || total
---------------------------+-------+-------+-------++-------
  Melee: Club              |     2 |       |       ||     2
         Constrict         |     3 |     3 |    11 ||    17
         Tentacles         |     2 |     2 |     7 ||    11
         Short sword       |     1 |       |       ||     1
         Dagger            |     9 |     6 |       ||    15
         War axe           |       |    11 |    54 ||    65
  Throw: Stone             |    15 |       |       ||    15
         Dart              |     6 |     3 |       ||     9
         Javelin           |     2 |     5 |       ||     7
         Boomerang         |       |    17 |    18 ||    35
   Cast: Sting             |    30 |     8 |    32 ||    70
         Poisonous Vapours |    26 |    41 |    61 ||   128
         Mephitic Cloud    |       |     2 |     2 ||     4
         Olgreb's Toxic Ra |       |     1 |     6 ||     7
  Evoke: Wand              |       |     4 |    12 ||    16
    Use: Scroll            |     1 |     1 |     8 ||    10
   Stab: Sleeping          |       |     1 |       ||     1
 Armour: Skin              |     3 |       |     5 ||     8
  Dodge: Dodged            |    17 |    14 |    48 ||    79
